 Dungeon Crawl Stone Soup version 0.27-a0-679-g77a6b55cf3 (webtiles) character file.

Game seed: 2986938033719508929

21 rednaxela the Caller (level 2, 0/21 HPs)
             Began as a Palentonga Summoner on Mar 18, 2021.
             Slain by an adder (3 damage)
             ... on level 2 of the Dungeon.
             The game lasted 00:03:25 (1007 turns).

rednaxela the Caller (Palentonga Summoner)          Turns: 1007, Time: 00:03:26

Health: 0/21       AC:  4    Str: 11    XL:     2   Next: 62%
Magic:  4/5        EV:  9    Int: 15    God:
Gold:   22         SH:  0    Dex: 10    Spells: 4/5 levels left

rFire    . . .     SeeInvis +     - Unarmed
rCold    . . .     Faith    .   (no shield)
rNeg     . . .     Spirit   .   a - +0 robe
rPois    .         Reflect  .   (no helmet)
rElec    .         Harm     .   (no cloak)
rCorr    .         Rampage  .   (no gloves)
Will     .....                  (no barding)
Stlth    +.........             (no amulet)
HPRegen  0.07/turn              (no ring)
MPRegen  0.09/turn              (no ring)

@: no status effects
A: large, rugged brown scales 3, see invisible, deformed body, roll 1, armoured
tail
a: Rolling Charge


You were on level 2 of the Dungeon.
You visited 1 branch of the dungeon, and saw 2 of its levels.

You collected 22 gold pieces.

Inventory:

Missiles
 c - 2 silver javelins
Armour
 a - a +0 robe (worn)
Scrolls
 e - a scroll of identify {unknown}


   Skills:
 - Level 1.5 Dodging
 - Level 1.2 Stealth
 + Level 2.3 Unarmed Combat
 - Level 2.0 Spellcasting
 - Level 3.2 Summonings


You had 4 spell levels left.
You knew the following spells:

 Your Spells              Type           Power      Damage    Failure   Level
a - Summon Small Mammal   Summ           44%        N/A       6%          1

Your spell library contained the following spells:

 Spells                   Type           Power      Damage    Failure   Level
 Call Imp                 Summ           11%        N/A       9%          2
 Call Canine Familiar     Summ           11%        N/A       17%         3
 Summon Guardian Golem    Hex/Summ       6%         N/A       34%         3
 Summon Ice Beast         Ice/Summ       6%         N/A       75%         4
 Summon Lightning Spire   Summ/Air       6%         N/A       75%         4


Dungeon Overview and Level Annotations

Branches:
Dungeon (2/15)

Altars:


Innate Abilities, Weirdness & Mutations

You are completely covered in rugged brown scales. (AC +3, +7% HP)
You have supernaturally acute eyesight. (SInv)
Armour fits poorly on your strangely shaped body.
You can roll at nearby foes to attack.
You have a long armoured tail.


Message History

You hit the ooze.
You kill the ooze!
Your Unarmed Combat skill increases to level 2!
Search for what [? for help]?
D:
Found a stone staircase leading down.
A rat comes into view.
Found a scroll labelled ECVYMU PERCHUOTZ.
You hit the rat.
You kill the rat!
e - a scroll labelled ECVYMU PERCHUOTZ You open the door.
There is an open door here.
A frilled lizard comes into view.
The frilled lizard hisses angrily.
Found a stone staircase leading down.
You miss the frilled lizard. The frilled lizard barely misses you.
You hit the frilled lizard.
You kill the frilled lizard!
A goblin comes into view. It is wielding a +0 club.
The goblin shouts!
You hear a shout!
A hobgoblin comes into view.
A rat comes into view.
The goblin moves out of view.
You hear a shout!
A hobgoblin comes into view. It is wielding a +0 club.
A giant cockroach comes into view.
You closely miss the hobgoblin. The hobgoblin hits you.
There is a stone staircase leading down here.
The hobgoblin barely misses you. The hobgoblin closely misses you.
You climb downwards.
A giant cockroach comes into view.
Found a long runed staff.
There is a stone staircase leading up here.
You closely miss the hobgoblin. You hit the hobgoblin.
Your tail-slap misses the hobgoblin.
The hobgoblin is severely wounded.
The hobgoblin hits you.
You hit the hobgoblin but do no damage.
Your tail-slap misses the hobgoblin.
The hobgoblin is severely wounded.
The hobgoblin completely misses you.
You closely miss the hobgoblin.
The hobgoblin is severely wounded.
The hobgoblin hits you.
You barely miss the hobgoblin.
Your tail-slap misses the hobgoblin.
The hobgoblin is severely wounded.
The hobgoblin hits you but does no damage.
You completely miss the hobgoblin.
The hobgoblin is severely wounded.
The hobgoblin hits you but does no damage.
You barely miss the hobgoblin.
The hobgoblin is severely wounded.
The hobgoblin closely misses you.
You hit the hobgoblin.
You kill the hobgoblin!
The giant cockroach waves its antennae.
An adder comes into view.
You hit the giant cockroach but do no damage.
The giant cockroach barely misses you.
The giant cockroach bites you but does no damage.
You closely miss the giant cockroach.
Your tail-slap misses the giant cockroach.
The giant cockroach bites you.
You barely miss the giant cockroach. The giant cockroach barely misses you.
Casting: Summon Small Mammal (safe; 6% risk of failure)
Confirm with . or Enter, or press ? or * to list all spells.
The adder bites you.
* * * LOW HITPOINT WARNING * * *
The giant cockroach bites you.
* * * LOW HITPOINT WARNING * * *
The adder closely misses you. The giant cockroach closely misses you.
The adder bites you.
* * * LOW HITPOINT WARNING * * *
Your quokka misses the giant cockroach.
A rat comes into view.
The giant cockroach bites you but does no damage.
Found a stone staircase leading down.
An adder comes into view.
As you read the scroll labelled KON IM JEL, it crumbles to dust.
It is a scroll of brand weapon.
You aren't carrying any weapons that can be branded.
The adder bites you but does no damage. The adder bites you.
* * * LOW HITPOINT WARNING * * *
Okay, then.
You aren't carrying any potions.
Unknown command.
You aren't carrying any potions.
As you read the scroll labelled QAOLEZ OSSEO, it crumbles to dust.
You feel strangely unstable.
It was a scroll of teleportation.
Your quokka barely misses the giant cockroach.
The adder misses you.
Your quokka bites the giant cockroach.
The giant cockroach dies!
The adder hisses angrily.
The rat bites you but does no damage. The adder barely misses you.
An adder comes into view.
Your surroundings seem slightly different.
Your quokka misses the adder.
Found a scale mail.
You see here a staff of cold.
The adder bites you.
You die...

...###. .# ##
.......###.#### ..
............... #.
#.####.#.#### ..
#.##........###
#.#.##.r##r.....##
#.†<......|......#
#.####.........S.##
...
.......S@..[....
#.#
##.....S......## #.
.......#.####.# #
###...##... #
#....#.## #.......
.... .## .#. #


You could see 3 adders, a rat (ally target) and a friendly quokka (summoned).

Vanquished Creatures
  An ooze (D:1)
  A dart slug (D:1)
  2 goblins (D:1)
  3 hobgoblins
  A ball python (D:1)
  2 frilled lizards (D:1)
  4 rats (D:1)
14 creatures vanquished.

Vanquished Creatures (collateral kills)
  A giant cockroach (D:2)
  A frilled lizard (D:1)
2 creatures vanquished.

Grand Total: 16 creatures vanquished

Notes
Turn   | Place    | Note
-------+----------+-------------------------------------------
     0 | D:1      | rednaxela the Palentonga Summoner began the quest for the
                  | Orb.
     0 | D:1      | Reached XP level 1. HP: 14/14 MP: 3/3
     5 | D:1      | Noticed a black mamba
   448 | D:1      | Reached skill level 1 in Unarmed Combat
   480 | D:1      | Reached XP level 2. HP: 21/21 MP: 5/5
   755 | D:1      | Reached skill level 2 in Unarmed Combat
  1007 | D:2      | Slain by an adder

Illustrated notes

Levels and vault maps discovered:
D:1:      sevenhm_arrival_forest_fort_small_2, layout_basic, minmay_bisected
D:2:      layout_basic, fedhas_altar_1, supply_closet_lemuel

Skill      XL: |  1  2 |
---------------+-------+-----
Unarmed Combat | 1 2 |  2.3
Dodging        | |  1.5
Stealth        | |  1.2
Spellcasting   | |  2.0
Summonings     | |  3.2

Action                   || total
-------------------------++-------
Melee: Unarmed           ||    61
       Tailslap          ||     2
 Cast: Summon Small Mamm ||     4
  Use: Scroll            ||     2
 Stab: Sleeping          ||     1
Armor: Robe              ||    15
Dodge: Dodged            ||    26

Table legend: (Time is in decaauts)
 A = Elapsed time spent in this place.
 B = Non-inter-level travel time spent in this place.
 C = Inter-level travel time spent in this place.
 D = Time resting spent in this place.
 E = Time spent auto-exploring this place.
 F = Levels seen in this place.
 G = Mean time per level.
                   A        B        C        D        E       F      G
               +--------+--------+--------+--------+--------+-----+--------+
         Total |   1005 |   1005 |      0 |    316 |    466 |   2 |  502.5 |
       Dungeon |   1005 |   1005 |      0 |    316 |    466 |   2 |  502.5 |
               +--------+--------+--------+--------+--------+-----+--------+

Top non-repeatable levels by time:
     D:1: 983 daAuts
     D:2: 22 daAuts
